[Event "World Junior U20 Open 2018"]
[Site "Gebze"]
[Date "2018.09.13"]
[Round "9.56"]
[White "Amartuvshin, Ganzorig"]
[Black "Arcuti, Davide"]
[Result "1/2-1/2"]
[ECO "D46"]
[WhiteElo "2280"]
[BlackElo "2356"]
[Annotator "NA"]
[PlyCount "121"]
[EventDate "2018.09.05"]
[EventType "swiss"]
[EventCountry "TUR"]
[SourceTitle "playchess.com"]
[Source "ChessBase"]
[SourceQuality "1"]
[TimeControl "40/5400+30:1800+30"]

1. d4 Nf6 2. c4 e6 3. Nf3 d5 4. Nc3 c6 5. e3 Nbd7 6. Bd3 Bd6 7. e4 dxe4 8. Nxe4 Nxe4 9. Bxe4 e5 10. O-O {[%emt 0:04:00] LiveBook: 105 Games} exd4 11. Qxd4 Qf6 12. Qd1 Ne5 {D46: Semi-Slav: 5 e3 Nbd7 6 Bd3, Black avoids the Meran} (12... h6 13. Bc2 Ne5 14. Nxe5 Bxe5 15. Re1 O-O 16. Qd3 g6 17. Bxh6 Bf5 18. Qb3 Bxc2 19. Qxc2 Rfe8 20. Be3 Bxb2 {1-0 (47) Salem,A (2469)-Panjwani,R (2395) Chotowa 2010}) 13. Nxe5 Bxe5 14. Re1 O-O 15. Bxh7+ Kxh7 16. Qh5+ Kg8 17. Rxe5 $146 ({Predecessor:} 17. Qxe5) 17... Bg4 18. Qg5 Qxg5 19. Rxg5 Be6 20. b3 a5 21. Ba3 Rfd8 22. Bb2 g6 23. Bf6 Rd3 24. Rg3 Rxg3 25. hxg3 a4 26. Rd1 axb3 27. axb3 Kf8 28. Rd4 Ke8 29. b4 b5 30. c5 Bd5 31. Rd3 Kd7 32. g4 Re8 33. f3 Re1+ 34. Kf2 Rb1 35. Bc3 Ke6 36. Re3+ Kd7 37. g5 Rc1 38. g4 Rc2+ 39. Kg3 Bc4 40. Bf6 Re2 41. Ra3 Ra2 42. Re3 Re2 43. Rc3 Rd2 44. Re3 Rd3 45. Re7+ Kc8 46. Re8+ Kd7 47. Re7+ Kc8 48. Kf2 Bd5 49. Re8+ Kb7 50. Re7+ Kc8 51. Kg3 Bc4 $11 52. Re8+ Kd7 53. Re7+ Kc8 54. Kf2 Bd5 55. Re8+ Kb7 56. Re7+ Kc8 57. Re8+ Kb7 58. Re3 Rxe3 59. Kxe3 Kc8 60. f4 Be6 61. Ke4 1/2-1/2

[Event "World Junior U20 Open 2018"]
[Site "Gebze"]
[Date "2018.09.13"]
[Round "9.57"]
[White "Can, Melih Kaan"]
[Black "Tuncer, Tuna"]
[Result "0-1"]
[ECO "D02"]
[WhiteElo "2195"]
[BlackElo "2342"]
[Annotator "NA"]
[PlyCount "124"]
[EventDate "2018.09.05"]
[EventType "swiss"]
[EventCountry "TUR"]
[SourceTitle "playchess.com"]
[Source "ChessBase"]
[SourceQuality "1"]
[TimeControl "40/5400+30:1800+30"]

1. d4 Nf6 2. Bf4 d5 3. e3 c5 4. c3 Nc6 5. Nd2 e6 6. Ngf3 cxd4 7. exd4 {[%emt 0:00:30] D02: 1 d4 d5 2 Nf3 sidelines, including 2...Nf6 3 g3 and 2...Nf6 3 Bf4} Nh5 8. Be5 (8. Be3 Bd6 9. Bd3 Nf4 10. Bxf4 Bxf4 11. g3 Bd6 12. O-O O-O 13. Re1 Bd7 14. h4 h6 {1-0 (44) Caruana,F (2822)-Aronian,L (2767) chess.com INT 2018}) 8... f6 9. Bg3 g6 10. Bd3 Bg7 11. Nh4 f5 $146 ({Predecessor:} 11... Nxg3 12. hxg3 e5 13. dxe5 fxe5 14. Qe2 Qf6 {0-1 (34) Annaberdiev,M (2408)-Xu,J (2626) Jodhpur 2003}) 12. Nhf3 O-O 13. Qc2 Nxg3 14. hxg3 Bd7 15. Nb3 b6 16. O-O Qc7 17. Rfe1 Rae8 18. Qd2 f4 19. gxf4 Rxf4 20. Nc1 Ref8 21. Bf1 Bh6 22. Qd1 Rxf3 23. gxf3 Rf5 24. Ne2 Rxf3 25. Bg2 Rf6 26. Qd3 Ne7 27. Qg3 Qd8 28. a4 Nf5 29. Qe5 Bf8 30. Qf4 Bd6 31. Qg5 h6 32. Qg4 h5 33. Qh3 Rf7 34. Nc1 Nh4 35. Nd3 Qf6 36. f4 g5 37. Ne5 g4 38. Qd3 Bxe5 39. Rxe5 Nf5 40. c4 dxc4 41. Qxc4 Ng7 42. Qd3 Nf5 43. Qc4 Ng7 44. Rf1 Kh8 45. Rg5 Rf8 46. Qb4 Bc8 47. Qd6 Ba6 48. Rf2 g3 49. Rf3 h4 50. Qe5 Nf5 51. Rh5+ Kg7 52. Rg5+ Kh6 53. Rc3 Qxe5 54. dxe5 Rd8 55. Bf3 Rd7 56. Bg4 Bb7 57. Rc1 Rd2 58. Bxf5 exf5 59. Rxf5 h3 60. Rf6+ Kh5 61. Rf5+ Kh4 62. Kf1 h2 0-1

[Event "World Junior U20 Open 2018"]
[Site "Gebze"]
[Date "2018.09.13"]
[Round "9.58"]
[White "Urazayev, Arystanbek"]
[Black "Wong, Yinn Long"]
[Result "0-1"]
[ECO "B39"]
[WhiteElo "2333"]
[BlackElo "2261"]
[Annotator "NA"]
[PlyCount "114"]
[EventDate "2018.09.05"]
[EventType "swiss"]
[EventCountry "TUR"]
[SourceTitle "playchess.com"]
[Source "ChessBase"]
[SourceQuality "1"]
[TimeControl "40/5400+30:1800+30"]

1. e4 c5 2. Nf3 g6 3. d4 cxd4 4. Nxd4 Nc6 5. c4 Bg7 6. Be3 Nf6 7. Nc3 Ng4 8. Qxg4 Nxd4 9. Qd1 e5 10. Bd3 O-O 11. O-O b6 12. Qd2 Bb7 {[%emt 0:00:30] B39: Sicilian: Maroczy Bind with 5...Bg7 and 7...Ng4} 13. Nd5 (13. Rad1 f5 14. exf5 gxf5 15. f4 d6 16. Nd5 Qd7 17. fxe5 dxe5 18. Bxd4 exd4 19. Bxf5 Qd6 20. Qd3 b5 21. Bxh7+ Kh8 22. Bg6 Qe6 23. Rfe1 Qg4 24. Re4 Qg5 25. Re5 {1-0 (25) Neiksans,A (2581)-Sulskis,S (2521) Liepaja 2017}) 13... d6 14. Rac1 $146 ({Predecessor:} 14. Rae1 Qd7 15. Bxd4 exd4 16. f4 Rae8 17. b3 Kh8 18. a4 f5 19. exf5 gxf5 20. Rxe8 Rxe8 {1-0 (39) Sermier,G (2376)-Rufino Bengoetxea,A (2289) France 2003}) 14... Rc8 15. Bg5 f6 16. Be3 Ne6 17. b4 Qd7 18. Rfd1 f5 19. f3 Bc6 20. Qe1 f4 21. Bf2 Nd4 22. Kh1 g5 23. c5 bxc5 24. bxc5 Ba4 25. cxd6 Bxd1 26. Ne7+ Kh8 27. Nxc8 Bxf3 28. gxf3 Nxf3 29. Qe2 Qh3 30. Bxa7 Nxh2 31. Qxh2 Qxd3 32. Ne7 Qxe4+ 33. Kg1 f3 34. Bf2 Qg4+ 35. Kh1 Qe6 36. Rd1 e4 37. Nd5 Be5 38. Nc7 Qf6 39. Qh5 e3 40. Nd5 e2 41. Rb1 $2 (41. Rg1 Qxd6 42. Ne3) 41... Qg6 $2 ({Less strong is} 41... Qxd6 42. Rb7 $17) (41... Qe6 42. Ne7 Qxd6 43. Qxg5 Qd1+ 44. Be1 Bf6 45. Ng6+ Kg7 46. Rb7+ Rf7 47. Rxf7+ Kxf7 48. Nh8+ Bxh8 49. Qh5+ Ke7 50. Qxh7+ Kd6 51. Qg6+ Kc5 52. Qf5+ Kb6 53. Qe6+ Kb7 54. Qf7+ Kb6 55. Qg6+ Kc5 56. Qf5+ Qd5 57. Qc2+ Qc4 58. Qf5+ Kd4 59. Qxf3 Qd5) 42. Qxg6 hxg6 43. d7 {[%emt 0:04:53] [#]} Kg7 $2 (43... g4 $1 $19 44. Ne7 g3 45. Bxg3 (45. Nxg6+ $2 Kg7 $19) 45... Bxg3 46. Nxg6+ Kg8 47. Nxf8 Bh4) 44. Kg1 Rd8 45. Rb7 g4 46. Nb4 g3 47. Nd3 gxf2+ 48. Kxf2 Bc3 49. Rb3 Ba5 50. Ne1 Rxd7 51. Nxf3 Re7 52. Ne1 Rf7+ 53. Kxe2 Re7+ 54. Kf3 Bxe1 55. Ra3 Re5 56. Ra8 $19 Ra5 57. Re8 Bd2 0-1

[Event "World Junior U20 Open 2018"]
[Site "Gebze"]
[Date "2018.09.13"]
[Round "9.59"]
[White "Thilakarathne, G M H"]
[Black "Tasdogen, Dincer"]
[Result "0-1"]
[ECO "B06"]
[WhiteElo "2238"]
[BlackElo "2329"]
[Annotator "NA"]
[PlyCount "78"]
[EventDate "2018.09.05"]
[EventType "swiss"]
[EventCountry "TUR"]
[SourceTitle "playchess.com"]
[Source "ChessBase"]
[SourceQuality "1"]
[TimeControl "40/5400+30:1800+30"]

1. e4 g6 2. d4 Bg7 3. Nf3 c6 4. Bd3 d5 5. e5 Nh6 6. O-O O-O 7. h3 Bf5 8. Re1 Bxd3 9. Qxd3 f6 $16 10. Bf4 Nf7 11. Nbd2 f5 12. e6 Nd6 13. Ng5 Na6 14. Qg3 Ne4 15. Ndxe4 fxe4 16. Qh4 h5 17. Nf7 Qc8 18. Qxe7 Re8 19. Qd7 Rxe6 20. Qxc8+ Rxc8 21. Ng5 Ree8 22. Be3 Nc7 23. f3 c5 24. c3 cxd4 25. Bxd4 Bxd4+ 26. cxd4 e3 27. Rac1 Re7 28. f4 Rf8 29. Rc3 e2 30. Rc2 Rxf4 31. Rcxe2 Rxe2 32. Rxe2 Rxd4 33. Re7 Rc4 34. Rd7 Rc2 35. b3 a5 36. Nf3 Ne6 37. Rxd5 Rxa2 38. Rd6 Nf4 39. Kf1 Rb2 0-1

[Event "World Junior U20 Open 2018"]
[Site "Gebze"]
[Date "2018.09.13"]
[Round "9.61"]
[White "Petkov, Momchil"]
[Black "Sevgi, Volkan"]
[Result "1-0"]
[ECO "D00"]
[WhiteElo "2163"]
[BlackElo "2323"]
[Annotator "NA"]
[PlyCount "143"]
[EventDate "2018.09.05"]
[EventType "swiss"]
[EventCountry "TUR"]
[SourceTitle "playchess.com"]
[Source "ChessBase"]
[SourceQuality "1"]
[TimeControl "40/5400+30:1800+30"]

1. d4 d5 2. Bf4 Nf6 3. e3 e6 4. Nd2 c5 5. c3 Bd6 6. Bg3 {[%emt 0:00:30] D00: 1 d4 d5: Unusual lines} (6. Bb5+ Nc6 7. Bg3 Bxg3 8. hxg3 Qd6 9. g4 e5 10. dxe5 Qxe5 11. Ngf3 Qe7 12. g5 Ne4 13. Bxc6+ bxc6 {0-1 (31) Naiditsch,A (2705)-Inarkiev,E (2689) Riadh 2017}) 6... Qc7 7. Bxd6 Qxd6 8. f4 Qb6 9. Rb1 Bd7 10. Bd3 Bb5 11. Bc2 $146 ({Predecessor:} 11. Qe2 Bxd3 12. Qxd3 a5 13. Ngf3 Qa6 14. Qxa6 Nxa6 {0-1 (60) Carvallo,H (2156)-Sebag,M (2509) France 2008}) 11... a5 12. h3 Nc6 13. Ngf3 h6 14. Nb3 Nd7 15. Kf2 a4 16. Nc1 Qc7 17. Nd3 Bxd3 18. Bxd3 c4 19. Bc2 b5 20. a3 O-O-O 21. Qd2 Nf6 22. Ne5 Nxe5 23. fxe5 Ne8 24. Rhf1 f6 25. exf6 gxf6 26. e4 dxe4 27. Bxe4 f5 28. Bc2 Nf6 (28... Qh2 $14) 29. Rbe1 Qd6 30. Kg1 Kc7 31. Qe3 Rde8 32. Qf3 Nd7 33. Re2 Rhg8 34. Rfe1 Rg3 35. Qf2 f4 36. Be4 Kb8 37. Bf3 Re7 38. Kh1 Rg6 39. Qh4 Kc7 40. Qh5 Rg3 41. Qxb5 Nb6 42. Re5 Kb8 43. Bc6 Qc7 44. Rxe6 Rxe6 45. Rxe6 Re3 46. Qf5 Ka7 47. Rxe3 fxe3 48. Bf3 Qd6 49. Qe4 Ka6 50. Qxe3 Qg6 51. Be4 Qf6 52. Kg1 Qh4 53. d5 Qe7 54. Qd4 Qd6 55. Bf3 Kb5 56. Qe3 Nd7 57. Qe6 Kc5 58. Qe3+ Kb5 59. Qe6 Kc5 60. Qxd6+ Kxd6 61. Kf2 Ke5 62. Ke3 Nc5 63. g4 Kd6 64. h4 Ke5 65. g5 hxg5 66. hxg5 Nb7 67. g6 Nd6 68. Bg4 Ne8 69. d6 Kxd6 70. Kd4 Nf6 71. Bf3 Nd7 72. g7 1-0

[Event "World Junior U20 Open 2018"]
[Site "Gebze"]
[Date "2018.09.13"]
[Round "9.62"]
[White "Zlatin, Alexander"]
[Black "Eren, Ataberk"]
[Result "1/2-1/2"]
[ECO "C00"]
[WhiteElo "2312"]
[BlackElo "2180"]
[Annotator "ChessBase"]
[PlyCount "94"]
[EventDate "2018.09.05"]
[EventType "swiss"]
[EventCountry "TUR"]
[SourceTitle "playchess.com"]
[Source "ChessBase"]
[SourceQuality "1"]
[TimeControl "40/5400+30:1800+30"]

1. e4 e6 2. Qe2 c5 3. f4 Nc6 4. Nf3 d6 5. g3 g6 6. Bg2 Bg7 7. c3 Nge7 8. O-O O-O 9. Na3 Rb8 10. Rd1 d5 11. e5 c4 12. d4 cxd3 13. Qxd3 a6 14. Be3 b5 15. b4 Bb7 16. Bc5 Re8 17. Nc2 Nc8 18. a4 bxa4 19. Qe3 Qd7 20. Nce1 Nd8 21. Nd4 Nc6 22. Nd3 N8e7 23. g4 Nc8 24. Ra2 a5 25. Nxc6 Bxc6 26. bxa5 Rd8 27. Nb4 Bb5 28. f5 exf5 29. Bxd5 Qe8 30. gxf5 Ne7 31. f6 Nf5 32. Qe4 Bxf6 33. Re1 Be7 34. Bf2 Rbc8 35. e6 f6 36. Bb6 Rd6 37. c4 Rxb6 38. axb6 Bc5+ 39. Kh1 Bxb4 40. Rb1 Nd6 41. Qf3 Bxc4 42. Rf2 Bxd5 43. Qxd5 Rc5 44. Qf3 Rf5 45. Qg2 Rg5 46. Qf3 Rf5 47. Qg2 Rg5 1/2-1/2

[Event "World Junior U20 Open 2018"]
[Site "Gebze"]
[Date "2018.09.13"]
[Round "9.63"]
[White "Tifferet, Shaked"]
[Black "Sezdbekov, Ruslan"]
[Result "0-1"]
[ECO "A45"]
[WhiteElo "2299"]
[BlackElo "2160"]
[Annotator "NA"]
[PlyCount "72"]
[EventDate "2018.09.05"]
[EventType "swiss"]
[EventCountry "TUR"]
[SourceTitle "playchess.com"]
[Source "ChessBase"]
[SourceQuality "1"]
[TimeControl "40/5400+30:1800+30"]

1. d4 Nf6 2. Bg5 b6 3. Bxf6 gxf6 4. c4 Bb7 5. Nc3 e5 6. e3 d6 7. Nf3 Nc6 8. d5 Ne7 $16 9. c5 bxc5 10. Bb5+ c6 11. dxc6 Nxc6 12. O-O f5 13. Qa4 Qc8 14. b4 e4 15. Nd2 a6 16. Be2 Bg7 17. Nc4 O-O 18. Rac1 Qe6 19. bxc5 dxc5 20. Qa3 f4 21. exf4 Nd4 22. Ne3 Kh8 23. f5 Qh6 24. Ng4 Qg5 25. f6 Bxf6 26. Nxf6 Qxf6 27. Bg4 Rg8 28. h3 Rxg4 29. hxg4 Rg8 30. Rfe1 Rxg4 31. Re3 Qg5 32. Rg3 e3 33. Rxg4 Qxg4 34. f3 Nxf3+ 35. Kf1 Nh2+ 36. Ke1 Qxg2 0-1

[Event "World Junior U20 Open 2018"]
[Site "Gebze"]
[Date "2018.09.13"]
[Round "9.64"]
[White "Akdogan, Alperen"]
[Black "Ongut, Tamas Gunes"]
[Result "0-1"]
[ECO "A61"]
[WhiteElo "2278"]
[BlackElo "2121"]
[Annotator "NA"]
[PlyCount "120"]
[EventDate "2018.09.05"]
[EventType "swiss"]
[EventCountry "TUR"]
[SourceTitle "playchess.com"]
[Source "ChessBase"]
[SourceQuality "1"]
[TimeControl "40/5400+30:1800+30"]

1. d4 Nf6 2. c4 e6 3. Nf3 c5 4. d5 exd5 5. cxd5 d6 6. Nc3 g6 7. Bf4 Bg7 8. Qa4+ Bd7 9. Qb3 b5 10. Bxd6 Qb6 11. Be5 O-O 12. e3 c4 13. Qd1 {A61: Modern Benoni: Nf3 without early e4} b4 14. Ne2 (14. Nb1 Rc8 15. Nbd2 Bb5 16. a4 bxa3 17. Rxa3 Bf8 18. Bd4 Qb7 19. Ra1 Nxd5 20. Be2 Nc6 {½-½ (59) Nakamura,H (2791)-Caruana,F (2807) Saint Louis 2016 CBM 174 [Iotov,V]}) 14... Rc8 15. Nf4 c3 16. Bd3 Qa5 17. O-O {[#]} Nxd5 $146 ({Predecessor:} 17... Ba4 18. b3 Be8 19. a3 bxa3 20. Qc1 Nbd7 21. Rxa3 Qb4 22. Bd4 Nc5 23. Bc4 Nfe4 24. Ne5 c2 25. Ned3 Qd2 26. Nxc5 Bxd4 27. exd4 {1-0 (27) Enchev,I (2492)-Gabrielian,A (2502) Rochefort 2018}) 18. Be4 Nxf4 19. Bxg7 Bc6 20. exf4 Bxe4 21. Qd4 Qd5 22. bxc3 Qxd4 23. Bxd4 bxc3 24. Ne5 c2 25. Ng4 Nd7 26. Rac1 Rc4 27. Be3 h5 28. Ne5 Nxe5 29. fxe5 Ra4 30. f3 Bd3 31. Rf2 Rxa2 32. Rd2 Ra3 33. Bg5 Rc8 34. Kf2 Rb3 35. Ke1 Rc5 36. Bf4 g5 37. Be3 Rxe5 38. Kf2 a5 39. Bd4 Rd5 40. Bf6 Rf5 41. Ba1 Rc5 42. g4 Rb1 43. Rxd3 f6 44. Bb2 Rxb2 45. Ke2 h4 46. Kd2 Kf7 47. Rd8 Rb1 48. Rxc2 Rxc2+ 49. Kxc2 Rf1 50. Rd3 Rf2+ 51. Kc3 Rxh2 52. Kd4 Rg2 53. Rd1 $19 h3 54. Rh1 h2 55. Ke3 Rb2 56. f4 f5 57. fxg5 fxg4 58. Kf4 a4 59. Kf5 g3 60. Rc1 Rb5+ 0-1

[Event "World Junior U20 Open 2018"]
[Site "Gebze"]
[Date "2018.09.13"]
[Round "9.65"]
[White "Erdogan, Anil Berk"]
[Black "Vanczak, Tamas"]
[Result "1-0"]
[ECO "C77"]
[WhiteElo "2083"]
[BlackElo "2276"]
[Annotator "NA"]
[PlyCount "101"]
[EventDate "2018.09.05"]
[EventType "swiss"]
[EventCountry "TUR"]
[SourceTitle "playchess.com"]
[Source "ChessBase"]
[SourceQuality "1"]
[TimeControl "40/5400+30:1800+30"]

1. e4 e5 2. Nf3 Nc6 3. Bb5 a6 4. Ba4 Nf6 5. Bxc6 dxc6 6. d3 Nd7 7. Nbd2 g6 {[%emt 0:00:30] C77: Ruy Lopez: 3...a6 4 Ba4 Nf6, unusual lines} (7... c5 8. Nc4 f6 9. O-O Nb6 10. Ne3 Be6 11. b3 g5 12. Bb2 Qd7 13. a4 Rd8 14. Nd2 h5 15. Ndc4 {1-0 (62) Bartel,M (2664)-Korobov,A (2693) Wroclaw 2014}) 8. b3 Bg7 9. Bb2 Qe7 10. Qe2 $146 ({Predecessor:} 10. O-O O-O 11. d4 a5 12. Nc4 b6 13. Nfd2 Qg5 14. Qe2 Re8 15. Rae1 Ba6 16. Kh1 Bxc4 17. Nxc4 Nc5 18. g3 Nd7 19. f4 Qe7 20. f5 b5 {0-1 (20) Lukovnikov,A (2342)-Matinian,N (2262) Voronezh 2008}) 10... b6 11. d4 (11. Nc4 $11) 11... Bb7 12. dxe5 Nxe5 13. Nxe5 Bxe5 14. Bxe5 Qxe5 15. O-O O-O-O 16. Nc4 Qf4 17. Qe3 Qxe3 18. fxe3 c5 19. Ne5 (19. Rxf7 $142 Bxe4 20. Rf2) 19... Rhe8 20. Nxf7 Rd2 21. Ng5 h6 22. Nf3 Rxc2 23. e5 Bxf3 24. gxf3 Rxe5 25. Rf2 Rc3 26. e4 c4 27. bxc4 Rxc4 28. Rd1 Rc3 29. Kg2 a5 30. h4 a4 31. Rd4 b5 32. f4 Re7 33. h5 gxh5 34. f5 Rc5 35. Kf3 Rce5 36. Re2 Rd7 37. Red2 Rg7 38. Rd5 Rxd5 39. Rxd5 c6 40. Rd2 Rd7 41. Rg2 b4 42. Kf4 $11 b3 43. f6 Rd1 44. Ke5 Rf1 45. axb3 axb3 46. Ke6 c5 47. f7 c4 48. Rg1 Rf4 49. Rc1 Kd8 50. Rxc4 h4 51. Rb4 1-0

[Event "World Junior U20 Open 2018"]
[Site "Gebze"]
[Date "2018.09.13"]
[Round "9.66"]
[White "Ozgur, Tibet Kagan"]
[Black "Kilic, Efe Mert"]
[Result "0-1"]
[ECO "D70"]
[WhiteElo "2056"]
[BlackElo "2269"]
[Annotator "NA"]
[PlyCount "130"]
[EventDate "2018.09.05"]
[EventType "swiss"]
[EventCountry "TUR"]
[SourceTitle "playchess.com"]
[Source "ChessBase"]
[SourceQuality "1"]
[TimeControl "40/5400+30:1800+30"]

1. Nf3 Nf6 2. c4 c6 3. d4 d5 4. Nbd2 g6 5. e3 Bg7 6. Bd3 O-O 7. O-O Nbd7 8. Re1 {[%emt 0:08:30] D70: Grünfeld: Unusual White 3rd moves (met by ...d5)} (8. b3 b6 9. a4 a5 10. e4 dxe4 11. Nxe4 Bb7 12. Bb2 c5 13. Re1 Rc8 14. Qe2 cxd4 15. Bxd4 Nc5 16. Bxc5 bxc5 {1-0 (59) Nakamura,H (2785)-Caruana,F (2808) Stavanger 2017}) 8... Qc7 9. e4 $146 ({Predecessor:} 9. Qc2 e5 10. dxe5 Nxe5 11. Nxe5 Qxe5 12. Nf3 Qc7 13. h3 dxc4 14. Bxc4 Bd7 15. Bd2 Rad8 {½-½ (24) Da Silva,J (2116)-Silva,J (1832) Parauapebas 2015}) 9... dxe4 10. Nxe4 Nxe4 11. Rxe4 e5 12. Nxe5 Nxe5 13. dxe5 Bf5 14. Re3 Rad8 15. Qe2 Bxd3 16. Rxd3 Rxd3 17. Qxd3 Rd8 18. Qf1 Bxe5 19. g3 Bd4 20. Qe2 Qb6 21. Bg5 Ra8 22. Bh6 c5 23. Re1 Qc6 24. b3 Bc3 25. Bd2 Bg7 26. Bg5 h6 27. Bf4 Rd8 28. Qe7 Bf6 29. Qe4 Qxe4 30. Rxe4 Kg7 31. Re1 g5 32. Be3 b6 33. Kf1 Bc3 34. Rc1 Be5 35. Ke2 f5 36. Bd2 Re8 37. Kf1 Rd8 38. Ke2 Bd4 39. Re1 Kf6 40. Bc1 a6 41. Be3 Bxe3 42. Kxe3 $2 (42. fxe3 $17 {is the only way for White.} Ke5 43. Rf1) 42... Re8+ 43. Kd2 Rxe1 44. Kxe1 Ke5 45. h3 (45. Ke2 h5 46. Kd2 Ke4 47. Ke2 f4 48. h3 Kd4 ) 45... h5 46. Ke2 Kd4 47. Kd2 Ke4 48. Ke2 f4 49. f3+ $19 Kd4 50. gxf4 gxf4 51. Kd2 a5 52. a3 a4 53. bxa4 Kxc4 54. Kc2 h4 55. a5 bxa5 56. a4 Kd4 57. Kd2 c4 58. Kc2 c3 59. Kc1 Kc4 60. Kc2 Kb4 61. Kc1 Kxa4 62. Kc2 Kb4 63. Kc1 Kb3 64. Kb1 c2+ 65. Kc1 a4 0-1

[Event "World Junior U20 Open 2018"]
[Site "Gebze"]
[Date "2018.09.13"]
[Round "9.67"]
[White "Noboa, Kevin"]
[Black "Caglar, Ahmet Ata"]
[Result "1-0"]
[ECO "D85"]
[WhiteElo "2256"]
[BlackElo "2071"]
[Annotator "NA"]
[PlyCount "79"]
[EventDate "2018.09.05"]
[EventType "swiss"]
[EventCountry "TUR"]
[SourceTitle "playchess.com"]
[Source "ChessBase"]
[SourceQuality "1"]
[TimeControl "40/5400+30:1800+30"]

1. e4 c5 2. Nf3 Nc6 3. c3 g6 4. d4 cxd4 5. cxd4 Bg7 6. Nc3 d6 7. Be2 Nf6 8. O-O d5 9. e5 Ne4 10. Be3 Nxc3 11. bxc3 O-O 12. c4 dxc4 13. Bxc4 Bg4 14. Be2 Nb4 {[%emt 0:13:30] D85: Exchange Grünfeld: Unusual White 7th moves and lines with 7 Nf3} (14... e6 15. h3 Bxf3 16. Bxf3 Qd7 17. Rc1 Rfc8 18. Qa4 Rc7 19. Bxc6 bxc6 20. Rc4 Bf8 21. Rfc1 Rac8 22. Bd2 {1-0 (41) Bryant,J (2443)-Hilby,C (2380) Whittier 2017}) 15. Qb3 Nd5 $146 ({Predecessor:} 15... a5 16. a3 Nd5 17. Qxb7 Rb8 18. Qa6 Rb3 19. Rfb1 Rxb1+ 20. Rxb1 Nc3 21. Rc1 Nxe2+ 22. Qxe2 {0-1 (54) Cserba,A (2233)-Beck,F (2095) Karlsruhe 2003}) 16. Rac1 Rc8 17. Rxc8 Bxc8 18. Bc4 Nb6 19. d5 Nxc4 20. Qxc4 b6 21. Rd1 Bb7 22. Bf4 Qd7 23. Qb3 Qf5 24. Bg3 Rd8 25. h3 Qe4 26. d6 exd6 27. exd6 Qe6 28. Qa4 Bxf3 29. gxf3 Rd7 30. Rc1 Bf8 31. Rc7 $14 Rd8 32. Qh4 Rxd6 33. Bxd6 Bxd6 34. Rxa7 Bc5 35. Kg2 Kg7 36. Qe4 Qf6 37. f4 Bd6 38. Ra4 h5 39. Rc4 Bc5 40. Qe5 1-0

[Event "World Junior U20 Open 2018"]
[Site "Gebze"]
[Date "2018.09.13"]
[Round "9.68"]
[White "Daghan, Devran"]
[Black "Nalbant, Tuna Onat"]
[Result "1-0"]
[ECO "B26"]
[WhiteElo "2004"]
[BlackElo "2241"]
[Annotator "NA"]
[PlyCount "65"]
[EventDate "2018.09.05"]
[EventType "swiss"]
[EventCountry "TUR"]
[SourceTitle "playchess.com"]
[Source "ChessBase"]
[SourceQuality "1"]
[TimeControl "40/5400+30:1800+30"]

1. e4 c5 2. Nc3 d6 3. g3 Nc6 4. Bg2 g6 5. d3 Bg7 6. Be3 e6 7. Qd2 Rb8 8. Nh3 b5 9. O-O {[%emt 0:00:30] B26: Closed Sicilian: 3 g3, lines with early Be3} Nge7 (9... b4 10. Nd1 Qb6 11. f3 a5 12. Nf4 Nge7 13. h4 h5 14. Nh3 Qb5 15. Kh2 Bd7 16. Bf4 e5 17. Be3 d5 18. a4 {0-1 (40) Vargic,D (2400)-Jankovic,A (2528) Sibenik 2008}) 10. Rae1 O-O 11. Bh6 Nd4 12. Bxg7 Kxg7 13. Nd1 e5 $146 ({Predecessor:} 13... b4 14. Ne3 f5 15. c3 {½-½ (15) Konsek,P (1990)-Zeitler,H (1922) Zirndorf 1999}) 14. f4 b4 15. c3 bxc3 16. bxc3 Ndc6 17. Ne3 f6 18. g4 Bd7 19. g5 fxg5 20. fxg5 Be6 21. Rxf8 Qxf8 22. Rf1 Qc8 23. Qf2 Ng8 24. Qh4 Nce7 25. Nf2 Nc6 26. Nfg4 Rb7 {[%emt 0:00:21] [#]} 27. Nh6 $14 (27. Bh3 $1 $16) 27... Nxh6 28. Qxh6+ Kg8 29. Nd5 Qd8 30. Nf6+ Kh8 31. Bh3 Bxh3 32. Nxh7 Bxf1 33. Nf6+ 1-0

[Event "World Junior U20 Open 2018"]
[Site "Gebze"]
[Date "2018.09.13"]
[Round "9.69"]
[White "Akin, Kadir"]
[Black "Karaoglan, Doruk"]
[Result "1/2-1/2"]
[ECO "B22"]
[WhiteElo "1974"]
[BlackElo "2196"]
[Annotator "NA"]
[PlyCount "57"]
[EventDate "2018.09.05"]
[EventType "swiss"]
[EventCountry "TUR"]
[SourceTitle "playchess.com"]
[Source "ChessBase"]
[SourceQuality "1"]
[TimeControl "40/5400+30:1800+30"]

1. e4 c5 2. c3 Nf6 3. e5 Nd5 4. d4 cxd4 5. cxd4 e6 6. Nf3 b6 7. Bc4 Bb7 {[%emt 0:00:00] B22: Sicilian: 2 c3} 8. Bxd5 (8. O-O d6 9. Bg5 Be7 10. Bxe7 Nxe7 11. Nc3 O-O 12. Qe2 Ng6 13. Rad1 Nc6 14. exd6 Qxd6 15. d5 exd5 16. Bxd5 {½-½ (59) Wang,H (2709)-Andreikin,D (2712) Huaian 2017}) 8... Bxd5 9. Nc3 Bb4 10. O-O Bxc3 11. bxc3 O-O 12. Ba3 $146 ({Predecessor:} 12. Qd3 f5 13. Ba3 Rf7 14. c4 Be4 15. Qe3 {0-1 (37) Krulich,R (2229)-Saravanan,V (2371) Ortisei 2013}) 12... Re8 13. Qd3 Bxf3 14. Qxf3 Nc6 15. Rfe1 Na5 16. Rad1 Nc4 17. Bc1 d6 18. Qg4 f5 19. exf6 Qxf6 20. Rd3 Qf5 21. Qe2 Rac8 22. Rf3 Qd5 $11 23. Rf4 Na5 24. Qc2 Qc4 25. Rh4 g6 26. Re3 Qd5 27. Qe2 Nc4 28. Rg3 Qf5 29. Rd3 1/2-1/2

[Event "World Junior U20 Open 2018"]
[Site "Gebze"]
[Date "2018.09.13"]
[Round "9.70"]
[White "Cirovic, Miroljub"]
[Black "Aydincelebi, Kagan"]
[Result "1/2-1/2"]
[ECO "D24"]
[WhiteElo "2181"]
[BlackElo "2060"]
[Annotator "NA"]
[PlyCount "61"]
[EventDate "2018.09.05"]
[EventType "swiss"]
[EventCountry "TUR"]
[SourceTitle "playchess.com"]
[Source "ChessBase"]
[SourceQuality "1"]
[TimeControl "40/5400+30:1800+30"]

1. d4 {[%emt 0:00:30] Alterman,B} d5 2. c4 dxc4 3. Nf3 Nf6 4. Nc3 a6 5. e4 b5 6. e5 Nd5 7. a4 e6 8. axb5 Nb6 9. bxa6 {[%emt 0:00:30] D24: Queen's Gambit Accepted: 3 Nf3 Nf6 4 Nc3} Rxa6 10. Rxa6 Nxa6 11. Bg5 Qd7 12. Be2 h6 13. Be3 Be7 14. O-O Bb7 {[%emt 0:05:30] [#]} 15. b3 $146 ({Predecessor:} 15. Nd2 O-O 16. Bf3 Bxf3 17. Qxf3 c5 18. dxc5 Nxc5 19. Qg4 Qc7 20. Nce4 Nxe4 21. Qxe4 Rc8 22. Rc1 Bc5 23. h4 Bxe3 {½-½ (23) Nikolic,P (2655)-Van Wely,L (2645) Wijk aan Zee 1997 CBM 057 [Alterman,B]}) 15... cxb3 16. Qxb3 Nb4 17. Bb5 Bc6 18. Bxc6 Qxc6 19. Rc1 O-O 20. Qb1 Qd7 21. Qe4 N6d5 22. Qg4 Nxc3 23. Rxc3 Kh7 24. Qe4+ Kh8 25. h4 Nd5 26. Rb3 Qa4 27. Qb1 c5 28. dxc5 $11 Nxe3 29. Rxe3 Bxc5 30. Qe4 Qxe4 31. Rxe4 1/2-1/2